 Dungeon Crawl Stone Soup version 0.20.1-1-g8b1a95d (webtiles) character file.

12065 Ladhar the Severer (level 11, 0/82 HPs)
             Began as a Minotaur Fighter on Oct 24, 2017.
             Slain by Sonja
             ... wielding a +2 short sword of venom
              (3 damage)
             ... on level 10 of the Dungeon.
             The game lasted 01:18:14 (10754 turns).

Ladhar the Severer (Minotaur Fighter)              Turns: 10754, Time: 01:18:14

Health: 0/82       AC: 16    Str: 28    XL:     11   Next: 57%
Magic:  10/10      EV:  9    Int:  5    God:
Gold:   434        SH: 11    Dex: 11    Spells: 10/10 levels left

rFire    . . .     SeeInvis .   A - +3 demon trident
rCold    . . .     Gourm    .   c - +0 shield
rNeg     . . .     Faith    .   Z - +0 plate armour
rPois    .         Spirit   .   (helmet restricted)
rElec    .         Reflect  .   O - +0 cloak
rCorr    .         Harm     .   w - +0 pair of gloves
MR       +....                  (no boots)
Stlth    ..........             D - amulet of regeneration
Regen    0.7/turn               v - ring of protection from magic
MPRegen  0.2/turn               M - +2 ring of evasion

@: mighty, lethally poisoned (0 -> -39)
A: retaliatory headbutt, horns 2
a: no special abilities


You were on level 10 of the Dungeon.
You were not hungry.

You visited 2 branches of the dungeon, and saw 13 of its levels.

You collected 524 gold pieces.
You spent 90 gold pieces at shops.

Inventory:

Hand Weapons
 a - a +0 war axe
 x - a +2 scimitar of flaming
 A - a +3 demon trident (weapon)
 S - a +4 halberd of freezing
 T - a +3 mace
 Y - a +0 vampiric short sword
Missiles
 h - 6 tomahawks of returning (quivered)
Armour
 c - a +0 shield (worn)
 w - a +0 pair of gloves (worn)
 O - a +0 cloak (worn)
 Z - a +0 plate armour (worn)
Jewellery
 s - an uncursed ring of positive energy {unknown}
 v - a ring of protection from magic (left hand)
 D - an amulet of regeneration (around neck)
 M - a +2 ring of evasion (right hand)
 U - a cursed amulet of inaccuracy {unknown}
 V - a +5 ring of strength {unknown}
Scrolls
 e - 4 scrolls of remove curse {unknown}
 g - a scroll of magic mapping {unknown}
 k - 2 scrolls of recharging {unknown}
 l - 3 scrolls of enchant weapon {unknown}
 n - 9 scrolls of teleportation {unknown}
 o - 9 scrolls of identify {unknown}
 y - a scroll of blinking {unknown}
 B - a scroll of random uselessness {unknown}
 C - 2 scrolls of fear {unknown}
 G - a scroll of immolation {unknown}
 R - a scroll of fog {unknown}
 W - 2 scrolls of amnesia {unknown}
Potions
 b - a potion of resistance {unknown}
 d - a potion of might
 m - a potion of curing
 q - 2 potions of lignification {unknown}
 r - a potion of agility {unknown}
 t - a potion of magic {unknown}
 z - 8 potions of haste {unknown}
 E - 2 potions of heal wounds {unknown}
 F - 2 potions of flight {unknown}
 I - 2 potions of brilliance {unknown}
 J - a potion of cancellation {unknown}
 L - 2 potions of berserk rage {unknown}
 P - a potion of ambrosia {unknown}
Books
 i - a book of Necromancy

   Spells                             Type                      Level
   a - Pain                           Necromancy                   1
   b - Animate Skeleton               Necromancy                   1
   c - Vampiric Draining              Necromancy                   3
   d - Regeneration                   Charms/Necromancy            3
   e - Animate Dead                   Necromancy                   4
   f - Control Undead                 Necromancy                   4
 p - a book of Maledictions

   Spells                             Type                      Level
   a - Corona                         Hexes                        1
   b - Ensorcelled Hibernation        Hexes/Ice                    2
   c - Confuse                        Hexes                        3
   d - Tukima's Dance                 Hexes                        3
   e - Dazzling Spray                 Conjuration/Hexes            3
 K - a book of Minor Magic

   Spells                             Type                      Level
   a - Magic Dart                     Conjuration                  1
   b - Blink                          Translocation                2
   c - Call Imp                       Summoning                    2
   d - Slow                           Hexes                        2
   e - Conjure Flame                  Conjuration/Fire             3
   f - Mephitic Cloud                 Conjuration/Poison/Air       3
Comestibles
 f - 5 bread rations
 j - 9 royal jellies
 u - 11 fruits
 N - 5 meat rations


   Skills:
 - Level 3.6 Fighting
 * Level 17.4(17.5) Axes
 + Level 3.4(12.2) Polearms
 * Level 3.7 Throwing
 * Level 8.1 Armour
 * Level 3.2 Dodging
 - Level 0.5 Stealth
 * Level 7.3 Shields


You had 10 spell levels left.
You didn't know any spells.

Dungeon Overview and Level Annotations

Branches:
Dungeon (13/15)            Temple (1/1) D:4
   Lair: D:8-11         Orc: D:9-12      Vaults: D:13-14

Altars:
Ashenzari
Cheibriados
Elyvilon
Gozag
Hepliaklqana
Kikubaaqudgha
Makhleb
Okawaru
Vehumet
Xom
Yredelemnul
Zin
The Shining One

Annotations:
D:10 Sonja


Innate Abilities, Weirdness & Mutations

You reflexively headbutt those who attack you in melee.
You have a pair of horns on your head.


Message History

Sonja barely misses you. You block Sonja's attack.
Sonja hits you but does no damage.
You are more poisoned.
* * * LOW HITPOINT WARNING * * *
You feel very sick.
* * * LOW HITPOINT WARNING * * *
You feel very sick.
* * * LOW HITPOINT WARNING * * *
You feel very sick. Sonja hits you but does no damage.
You are more poisoned.
Sonja hits you but does no damage. x2
You are more poisoned.
Unknown command.
* * * LOW HITPOINT WARNING * * *
You feel very sick.
* * * LOW HITPOINT WARNING * * *
You feel very sick.
Sonja hits you with an uncursed short sword of venom.
You die...

### ..# ..####### ..#
.(##....# #.#
..##....###### #.#
..##.........# #.#
..##.........# #.####
..#####......####....#####
((.((..........K@..)))รท.>#
..#####......#######)#.###
### #......# #...# #......#
##### #......# ########


You could see Sonja.

Vanquished Creatures
  Erica (D:11)
  A centaur warrior (D:12)
  Urug (D:11)
  A centaur skeleton (D:11)
  3 trolls
  A hornet (D:11)
  3 hippogriffs
  12 yaks
  Eustachio (D:4)
  A shadow (D:11)
  A basilisk (D:12)
  The ghost of letownia the Grave Robber, an amateur DDNe (D:5)
  2 soldier ants (D:11)
  Menkaure (D:4)
  7 ice beasts
  6 orc warriors
  A hornet zombie (D:5)
  2 necrophages
  2 phantoms
  A sky beast (D:5)
  3 ogres
  7 centaurs
  A big kobold (D:7)
  5 bullfrogs
  A wyvern zombie (D:11)
  4 scorpions
  A wyvern skeleton (D:10)
  9 killer bees (D:10)
  10 wights
  3 howler monkeys
  2 vampire bats (D:2)
  3 crimson imps
  2 bullfrog zombies
  9 hounds
  10 orc priests
  A jelly (D:12)
  Jessica (D:2)
  4 iguanas
  7 orc wizards
  8 worker ants
  2 hound zombies (D:11)
  A hound skeleton (D:4)
  A worker ant zombie (D:6)
  7 gnolls
  9 adders
  An adder skeleton (D:5)
  An adder zombie (D:7)
  6 worms
  4 dart slugs
  4 leopard geckos
  42 orcs
  3 ball pythons
  6 bats
  5 bat zombies (D:2)
  6 giant cockroaches
  11 goblins
  10 hobgoblins
  13 jackals
  11 kobolds
  2 quokkas (D:5)
  4 frilled lizards
  7 rats
  2 demonic plants (Temple)
298 creatures vanquished.

Notes
Turn   | Place    | Note
-------+----------+-------------------------------------------
     0 | D:1      | Ladhar the Minotaur Fighter began the quest for the Orb.
     0 | D:1      | Reached XP level 1. HP: 19/19 MP: 0/0
    15 | D:1      | Reached skill level 3 in Axes
    57 | D:1      | Reached XP level 2. HP: 24/26 MP: 1/1
   249 | D:1      | Reached skill level 4 in Axes
   398 | D:1      | Reached XP level 3. HP: 23/31 MP: 2/2
  1121 | D:2      | Reached skill level 5 in Axes
  1168 | D:2      | Reached XP level 4. HP: 25/39 MP: 3/3
  1509 | D:2      | Found a white marble altar of Elyvilon.
  1684 | D:2      | Noticed Jessica
  1690 | D:2      | Killed Jessica
  1924 | D:2      | Found an ancient bone altar of Kikubaaqudgha.
  1928 | D:2      | Reached skill level 6 in Axes
  1928 | D:2      | Reached XP level 5. HP: 43/45 MP: 4/4
  1930 | D:2      | Reached skill level 1 in Dodging
  2302 | D:3      | Reached skill level 7 in Axes
  2328 | D:3      | Found a faded altar of an unknown god.
  2572 | D:3      | Reached XP level 6. HP: 48/51 MP: 5/5
  2658 | D:3      | Found Zin's Purification Station.
  2668 | D:3      | Found a glowing silver altar of Zin.
  2711 | D:3      | Bought a potion of curing for 90 gold pieces
  2731 | D:3      | Found an opulent altar of Gozag.
  2759 | D:3      | Found a shimmering altar of Xom.
  2760 | D:3      | Found a shimmering altar of Xom.
  2761 | D:3      | Found a shimmering altar of Xom.
  2763 | D:3      | Found a shimmering altar of Xom.
  2772 | D:3      | Found a shimmering altar of Xom.
  3235 | D:4      | Reached skill level 8 in Axes
  3249 | D:4      | Noticed Menkaure
  3253 | D:4      | Killed Menkaure
  3384 | D:4      | Reached skill level 9 in Axes
  3389 | D:4      | Reached XP level 7. HP: 57/57 MP: 6/6
  3493 | D:4      | Found a shattered altar of Ashenzari.
  3677 | D:4      | Found a staircase to the Ecumenical Temple.
  3691 | Temple   | Entered the Ecumenical Temple
  3857 | D:4      | Noticed Eustachio
  3870 | D:4      | Killed Eustachio
  3870 | D:4      | Reached skill level 10 in Axes
  4127 | D:5      | Entered Level 5 of the Dungeon
  4211 | D:5      | Noticed a yak
  4212 | D:5      | Noticed a yak
  4212 | D:5      | Noticed a yak
  4213 | D:5      | Noticed a yak
  4214 | D:5      | Noticed a yak
  4214 | D:5      | Noticed a yak
  4253 | D:4      | Killed a yak
  4253 | D:4      | Reached skill level 11 in Axes
  4253 | D:4      | Reached XP level 8. HP: 28/64 MP: 7/7
  4318 | D:4      | HP: 2/64 [yak (14)]
  4340 | Temple   | HP: 2/64 [yak (7)]
  4341 | Temple   | Reached skill level 12 in Axes
  4526 | D:5      | Reached skill level 13 in Axes
  4611 | D:5      | Found an ancient bone altar of Kikubaaqudgha.
  4808 | D:5      | Reached XP level 9. HP: 70/70 MP: 8/8
  5045 | D:5      | Reached skill level 14 in Axes
  5102 | D:5      | Noticed letownia's ghost (amateur DDNe)
  5114 | D:5      | Killed letownia's ghost
  5923 | D:6      | Reached skill level 15 in Axes
  6005 | D:6      | Reached skill level 1 in Throwing
  6414 | D:6      | Reached XP level 10. HP: 66/77 MP: 9/9
  6473 | D:6      | Found a burning altar of Makhleb.
  6512 | D:6      | Reached skill level 16 in Axes
  6662 | D:6      | Found a snail-covered altar of Cheibriados.
  7406 | D:7      | Found a glowing golden altar of the Shining One.
  7409 | D:7      | Found a basalt altar of Yredelemnul.
  7495 | D:7      | Noticed an angel
  7699 | D:7      | Found a hazy altar of Hepliaklqana.
  7921 | D:7      | Found a radiant altar of Vehumet.
  8149 | D:8      | Found an iron altar of Okawaru.
  8479 | D:8      | You fall through a shaft for 3 floors!
  8492 | D:11     | Reached skill level 5 in Armour
  8665 | D:11     | Reached skill level 17 in Axes
  8665 | D:11     | Reached skill level 5 in Shields
  9037 | D:11     | Noticed Erica
  9049 | D:11     | Killed Erica
  9049 | D:11     | Reached XP level 11. HP: 41/82 MP: 10/10
  9118 | D:11     | Noticed Urug
  9149 | D:11     | Killed Urug
  9787 | D:10     | Entered Level 10 of the Dungeon
  9787 | D:10     | Noticed Sonja
  9944 | D:13     | Reached skill level 1 in Polearms
 10052 | D:12     | Noticed a centaur warrior
 10059 | D:12     | Killed a centaur warrior
 10754 | D:10     | HP: 3/82 [poisoned by Sonja]
 10754 | D:10     | Slain by Sonja

Skill      XL: |  1  2  3  4  5  6  7  8  9 10 11 |
---------------+----------------------------------+-----
Axes           | 3 4 5 6 7 9 11 13 15 17 | 17.4
Dodging        | 1 3 |  3.2
Throwing       | 1 2 3 |  3.7
Armour         | 6 8 |  8.1
Shields        | 5 7 |  7.3
Polearms       | 3 |  3.4
Fighting       | |  3.6
Stealth        | |  0.5

Action                   |  1- 3 |  4- 6 |  7- 9 | 10-12 || total
-------------------------+-------+-------+-------+-------++-------
Melee: War axe           |    85 |   170 |   323 |   349 ||   927
       Headbutt          |     8 |    29 |    77 |   102 ||   216
       Demon trident     |       |       |       |   163 ||   163
Throw: Tomahawk          |       |       |     9 |    14 ||    23
  Use: Potion            |       |       |       |     6 ||     6
  Eat: Chunk             |       |     3 |    10 |     5 ||    18
       Meat ration       |       |     1 |       |       ||     1
       Royal jelly       |       |       |       |     3 ||     3
       Bread ration      |       |       |       |     1 ||     1
Armor: Scale mail        |    38 |    65 |    68 |       ||   171
       Plate armour      |       |       |       |   256 ||   256
Dodge: Dodged            |    31 |    32 |    70 |    99 ||   232
Block: Shield            |    40 |    97 |   124 |   221 ||   482
